Map: Blackrock LE

Players

GhostRobo - Winner!

  • Race: Terran Terran
  • League: Silver
  • Spawn Location: 1:00

A.I. 1 (Very Easy)

  • Race: Zerg Zerg
  • Spawn Location: 7:00

VOD

Have the link to the VOD?

Description

Time

  • Played on: July 5, 2026, 1:41 p.m.
  • Length: 13:07
Show
View Real Time Build Order
Export as new Build Order

GhostRobo Terran - Winner!

Build Orders: Reaper Expand 

Get SALT Encoding   

  8  0:00  SCV  
  9  0:12  SCV  
  10  0:27  SCV  
  11  0:32  Supply Depot  
  11  0:39  SCV  
  12  0:55  Barracks  
  12  0:59  Refinery  
  12  1:02  SCV  
  13  1:14  SCV  
  14  1:27  SCV  
  16  1:43  Orbital Command  
  16  1:46  Reaper  
  16  2:16  SCV  
  16  2:17  Command Center  
  17  2:27  Marine  
  17  2:28  Supply Depot  
  18  2:32  SCV  
  19  2:44  SCV  
  19  2:49  Barracks Reactor  
  20  2:52  Factory  
  20  3:14  SCV  
  21  3:24  Refinery  
  21  3:26  SCV  
  22  3:29  Marine  
  22  3:30  Marine  
  24  3:35  Orbital Command  
  24  3:39  Supply Depot  
  24  3:41  SCV  
  25  3:48  Marine x2  
  25  3:51  Factory Tech Lab  
  25  3:53  SCV  
  25  3:55  Starport  
  28  4:04  Supply Depot  
  28  4:05  SCV  
  28  4:07  SCV  
  30  4:15  Marine  
  30  4:16  Marine  
  32  4:18  SCV  
  32  4:19  SCV  
  34  4:27  Siege Tank  
  34  4:30  SCV  
  34  4:31  SCV  
  39  4:41  Starport Reactor  
  39  4:42  SCV  
  39  4:43  SCV  
  40  4:54  SCV  
  40  4:59  Barracks  
  41  5:00  Barracks  
  41  5:07  SCV  
  41  5:08  Command Center  
  41  5:10  Marine x2  
  44  5:23  Supply Depot  
  44  5:25  SCV x2  
  46  5:28  Marine  
  47  5:36  Medivac x2  
  47  5:37  SCV  
  47  5:38  SCV  
  53  5:43  Marine  
  53  5:46  Marine  
  53  5:48  Siege Tank  
  53  5:49  SCV  
  59  5:50  SCV  
  59  5:55  Refinery  
  60  6:00  Refinery  
  60  6:01  SCV  
  60  6:02  SCV  
  62  6:07  Supply Depot  
  62  6:12  Supply Depot  
  62  6:14  SCV x2  
  64  6:19  Orbital Command  
  64  6:26  SCV x2  
  64  6:29  Barracks Tech Lab x2  
  66  6:33  Engineering Bay  
  66  6:38  SCV x2, Engineering Bay  
  66  6:39  Marine x2  
  70  6:40  Orbital Command  
  70  6:42  Siege Tank  
  70  6:45  Medivac  
  75  6:50  SCV x2  
  75  6:53  Stimpack, Combat Shield  
  77  6:55  Marine x2  
  77  6:57  Marine x2  
  77  6:59  Medivac  
  83  7:02  SCV x2  
  85  7:13  Marine x2  
  85  7:14  SCV x2  
  85  7:15  SCV  
  90  7:20  Marine  
  90  7:21  Marine  
  90  7:22  Siege Tank  
  95  7:36  Terran Infantry Weapons Level 1, Supply Depot  
  95  7:37  Terran Infantry Armor Level 1, Supply Depot  
  95  7:38  Supply Depot  
  95  7:57  Marine x4  
  95  7:58  SCV x3  
  102  7:59  Siege Tank  
  102  8:01  Supply Depot  
  105  8:10  SCV x3, Refinery  
  108  8:13  Barracks  
  108  8:15  Marine x4, Barracks  
  112  8:21  Barracks  
  112  8:22  SCV x3  
  112  8:23  Barracks  
  112  8:24  Supply Depot  
  112  8:26  Barracks  
  115  8:31  Widow Mine  
  115  8:33  Marine x4  
  122  8:34  SCV x2  
  124  8:46  SCV x2  
  126  8:52  Siege Tank  
  126  8:53  Refinery  
  129  8:55  SCV  
  129  8:58  SCV x2  
  129  9:02  Marine x2  
  133  9:03  Barracks Tech Lab  
  133  9:04  Barracks Tech Lab  
  133  9:07  SCV  
  133  9:08  Barracks Reactor  
  134  9:10  SCV  
  134  9:16  Supply Depot  
  135  9:17  Supply Depot  
  135  9:18  Supply Depot  
  135  9:22  Armory  
  135  9:37  Marine, SCV x3  
  141  9:39  Marine  
  141  9:40  Barracks Reactor  
  141  9:41  Command Center  
  141  9:44  Barracks Reactor  
  140  9:49  SCV  
  140  9:52  Command Center  
  141  9:56  Marine x4  
  141  9:58  Siege Tank, Medivac  
  141  9:59  Medivac  
  153  10:01  Marine x3  
  156  10:13  Barracks Reactor, Marine  
  156  10:14  Marine x3  
  159  10:23  Supply Depot  
  159  10:26  Supply Depot  
  159  10:28  Supply Depot x2  
  159  10:29  Supply Depot  
  159  10:38  Supply Depot  
  159  10:44  Marine, Medivac x2  
  159  10:45  Siege Tank  
  159  10:48  Marine x2, Marauder  
  171  10:57  Marine x7  
  171  11:03  Marauder  
  180  11:06  Marauder, Marine  
  180  11:07  Marine  
  180  11:10  Marauder  
  186  11:14  Marine x2, Medivac x2  
  186  11:15  Marine x3  
  186  11:17  Siege Tank  
  198  11:24  Marauder  
  200  11:25  Planetary Fortress  
  200  11:32  Planetary Fortress  
  200  11:33  Refinery  
  200  11:40  Refinery  
  200  11:56  Refinery  
  198  12:03  Command Center  
  198  12:04  Barracks  
  198  12:05  Command Center  
  198  12:06  Refinery, Barracks  
  198  12:07  Command Center x2  
  198  12:08  Barracks  
  198  12:10  Barracks  
  198  12:11  Command Center  
  198  12:12  Barracks x2  
  198  12:17  Barracks  
  197  12:54  Barracks Reactor x2  
  197  12:55  Barracks, Barracks Reactor  
  197  12:56  Barracks Reactor  
  197  12:58  Barracks Tech Lab  
  197  12:59  Barracks Tech Lab  
Show
View Real Time Build Order
Export as new Build Order

A.I. 1 (Very Easy) Zerg 

Build Orders: Pool First 

Get SALT Encoding   

  8  0:00  Drone  
  9  0:10  Drone  
  10  0:18  Drone  
  11  0:25  Drone  
  12  0:33  Overlord  
  12  0:51  Drone  
  13  0:58  Drone  
  13  1:02  Spawning Pool  
  13  1:05  Drone  
  13  1:08  Extractor  
  13  1:13  Drone  
  14  1:20  Overlord  
  14  1:48  Zergling x2  
  14  1:49  Queen  
  17  1:59  Zergling x2  
  18  2:01  Roach Warren  
  18  2:04  Drone  
  18  2:10  Zergling x2  
  18  2:13  Drone  
  20  2:20  Drone  
  21  2:29  Drone  
  22  2:38  Overlord  
  22  2:48  Drone  
  23  2:56  Drone  
  24  3:03  Drone  
  25  4:43  Roach, Overlord, Drone  
  25  4:44  Extractor, Lair  
  27  4:50  Drone  
  28  4:58  Drone  
  29  5:05  Drone  
  30  5:12  Drone  
  31  5:16  Roach  
  31  5:20  Drone  
  31  5:27  Drone  
  32  5:44  Overseer  
  32  5:45  Overseer  
  32  5:48  Zergling x2  
  33  6:40  Hatchery  
  33  6:41  Drone  
  33  7:53  Drone  
  34  8:00  Drone  
  34  8:05  Extractor  
  34  8:07  Drone  
  34  8:08  Extractor  
  34  8:14  Drone  
  35  8:22  Drone  
  36  8:29  Drone  
  37  8:36  Drone  
  38  8:43  Drone  
  39  8:50  Drone  
  40  8:58  Drone  
  40  8:59  Overlord  
  41  9:05  Drone  
  42  9:12  Drone  
  43  9:18  Pneumatized Carapace, Overseer  
  43  9:19  Overlord  
  43  9:20  Overlord, Drone  
  43  9:21  Infestation Pit  
  43  9:22  Hydralisk Den  
  42  9:27  Drone  
  43  9:34  Drone  
  44  9:41  Drone  
  45  9:49  Drone  
  45  9:51  Zergling x2  
  42  9:56  Drone  
  43  10:02  Hive  
  43  10:04  Overseer  
  43  10:18  Hydralisk  
  45  11:15  Ultralisk Cavern  
  45  11:16  Drone  
  45  11:44  Hydralisk  
  45  11:47  Overlord  
  47  11:50  Drone  
  45  11:57  Drone  
  38  12:04  Drone  
  38  12:08  Queen  
  29  12:11  Drone  
  29  12:13  Ultralisk  
  31  12:17  Overseer  
  31  12:18  Drone  
  28  12:25  Drone  
  29  12:33  Drone  
  30  12:38  Overlord  
  30  12:40  Drone  
Tags
 
Add a new tag
Caveats
  • Supply blocks, unpowered buildings, or Contaminate may cause inaccurate times.
  • Supply counts are checked every 10 seconds.